Description

Fastest BC possible. Enjoy.

Replay - FastestPossibleBC(Battlecruiser)

Build Order

Get SALT Encoding   

  12  0:08  Supply Depot  
  12  0:16  Refinery  
  12  0:31  Barracks  
  12  0:36  SCV  
  13  0:48  SCV  
  14  1:00  SCV  
  15  1:19  Factory  
  15  1:20  Orbital Command  
  15  1:27  Refinery  
  15  1:45  SCV  
  16  1:57  SCV  
  17  2:03  Starport  
  17  2:10  SCV  
  18  2:22  SCV  
  19  2:26  Supply Depot  
  19  2:34  SCV  
  20  2:39  Fusion Core  
  20  2:41  Starport Tech Lab  
  20  2:46  SCV  
  21  2:58  SCV  
  23  3:26  Battlecruiser  
  30  3:28  Supply Depot  
  30  3:35  Command Center  
  31  3:51  Supply Depot  
  33  4:13  Supply Depot  
Spawning Tool Build Advisor. Get it on Overwolf

Go to:

Details

  • Created by: kidze     
  • Published on: Nov 26, 2023
  • Modified on: Nov 26, 2023
  • Patch: 5.0.11
  • Difficulty: Medium
Show
View Real Time Build Order
Export as new Build Order

Comments (0)

There are no comments. Be the first!

Create an account to comment!